Map: Torches LE

Players

Sindyr

  • Race: Zerg Zerg
  • League: Master
  • Spawn Location: 5:00

JeremTheCB - Winner!

  • Race: Zerg Zerg
  • League: Master
  • Spawn Location: 1:00

VOD

Have the link to the VOD?

Description

Time

  • Played on: Oct. 6, 2025, 5:19 p.m.
  • Length: 10:16
Show
View Real Time Build Order
Export as new Build Order

Sindyr Zerg 

Build Orders: Hatch First 

Get SALT Encoding   

  12  0:01  Drone  
  13  0:18  Overlord  
  13  0:28  Drone  
  14  0:40  Drone x2  
  16  0:48  Drone  
  17  0:57  Drone  
  17  0:59  Extractor  
  17  1:01  Hatchery  
  16  1:14  Spawning Pool  
  16  1:16  Drone  
  16  1:20  Drone  
  17  1:30  Drone  
  18  1:34  Drone  
  19  1:48  Drone  
  20  1:55  Overlord  
  20  2:06  Queen  
  22  2:12  Queen  
  24  2:17  Zergling x2  
  24  2:18  Zergling x4  
  24  2:21  Metabolic Boost  
  27  2:48  Drone x5, Queen  
  34  3:08  Lair  
  34  3:11  Drone, Roach Warren  
  34  3:12  Drone  
  35  3:14  Drone  
  36  3:39  Zergling x2  
  36  3:40  Overlord  
  36  3:41  Overlord  
  36  3:52  Evolution Chamber  
  35  3:55  Spine Crawler x2  
  35  3:56  Zergling x6  
  35  3:57  Zergling x2  
  35  3:58  Zergling x2  
  35  4:12  Zergling x2  
  35  4:13  Zergling x12  
  37  4:28  Queen  
  37  4:30  Drone  
  35  4:49  Drone  
  35  4:50  Drone x3  
  35  5:00  Drone x4  
  35  5:02  Extractor  
  35  5:03  Queen  
  35  5:06  Zergling x2  
  42  5:07  Zergling x2  
  38  5:41  Spine Crawler  
  38  5:42  Spine Crawler  
  36  5:44  Spine Crawler  
  36  5:46  Spine Crawler  
  34  5:51  Drone x3  
  34  5:56  Hatchery  
  36  6:03  Drone x3  
  39  6:04  Drone  
  39  6:06  Drone  
  39  6:09  Drone  
  42  6:17  Extractor  
  41  6:20  Drone, Spire  
  41  6:22  Drone  
  42  6:38  Drone x5  
  42  6:39  Drone x2  
  49  6:43  Extractor  
  48  6:48  Overseer  
  48  7:37  Mutalisk x5  
  48  7:39  Overlord x2  
  48  7:40  Overlord x2  
  58  7:45  Zerg Flyer Weapons Level 1  
  58  7:52  Spore Crawler  
  58  7:57  Queen  
  59  8:22  Mutalisk x6  
  59  8:23  Mutalisk x2  
  59  8:24  Mutalisk  
  77  8:45  Mutalisk x2  
  77  8:48  Zergling x8  
  85  8:57  Drone x5  
  85  8:59  Overlord x3  
  90  9:20  Overseer  
  90  9:22  Drone  
  90  9:23  Drone  
  90  9:24  Drone x3  
  93  9:27  Extractor  
  94  9:33  Hatchery  
  93  9:41  Drone x3  
  96  9:46  Spine Crawler  
  96  9:48  Mutalisk x5  
  96  9:49  Spine Crawler  
  96  9:51  Mutalisk  
Show
View Real Time Build Order
Export as new Build Order

JeremTheCB Zerg - Winner!

Build Orders: Pool First 

Get SALT Encoding   

  12  0:00  Drone  
  13  0:12  Drone  
  14  0:19  Overlord  
  14  0:38  Drone  
  14  0:39  Drone x2  
  17  0:50  Spawning Pool  
  17  0:51  Drone  
  17  0:55  Extractor  
  16  1:01  Drone  
  17  1:15  Drone  
  18  1:23  Drone  
  19  1:34  Drone  
  19  1:36  Queen  
  22  1:45  Overlord  
  22  1:52  Evolution Chamber  
  21  1:56  Zergling x2  
  22  2:06  Metabolic Boost  
  22  2:09  Zergling x2  
  22  2:12  Queen  
  25  2:17  Zergling x2  
  26  2:34  Hatchery  
  26  2:36  Zerg Melee Weapons Level 1  
  25  2:45  Zergling x4  
  25  2:49  Zergling x4  
  25  2:50  Zergling x2  
  29  3:08  Overlord  
  29  3:15  Overlord  
  29  3:45  Zergling x4  
  29  3:46  Zergling x4  
  33  3:55  Drone x2  
  35  3:56  Baneling Nest  
  29  4:23  Spine Crawler  
  26  4:25  Spine Crawler  
  26  4:26  Zergling x4  
  26  4:27  Zergling x6  
  30  4:32  Drone x3  
  30  4:38  Zergling x2  
  34  4:53  Zergling x4  
  34  4:57  Queen  
  38  5:14  Lair  
  36  5:18  Extractor  
  27  5:44  Zergling x6  
  27  5:49  Zergling x6  
  34  5:50  Zergling x2  
  34  5:56  Zerg Ground Armor Level 1  
  34  6:04  Zergling x4  
  36  6:21  Extractor  
  36  6:22  Extractor  
  36  6:23  Drone x6  
  40  6:33  Overlord, Spire  
  39  6:44  Drone x2  
  39  6:45  Drone x4  
  45  6:53  Drone x3  
  48  7:04  Drone x2  
  50  7:10  Drone  
  50  7:11  Drone  
  50  7:14  Drone  
  53  7:25  Overlord  
  53  7:40  Zerg Flyer Weapons Level 1  
  53  7:42  Mutalisk x2  
  53  7:43  Mutalisk  
  59  7:45  Mutalisk  
  59  7:48  Mutalisk  
  63  7:57  Mutalisk  
  63  7:58  Mutalisk  
  67  8:09  Overlord  
  67  8:11  Overlord  
  67  8:28  Mutalisk x4  
  67  8:30  Mutalisk  
  67  8:31  Mutalisk  
  79  8:47  Overlord  
  79  8:48  Overlord  
  79  8:49  Mutalisk  
  81  9:01  Overlord  
  81  9:02  Overlord  
  81  9:11  Mutalisk  
  81  9:12  Mutalisk  
  81  9:13  Mutalisk  
  81  9:14  Mutalisk  
  81  9:16  Mutalisk  
  91  9:28  Overseer  
Tags
 
Matchup
ZvZ
Race
Zerg
Replay Pack
Multiplayer
Spawn Locations
Close Positions
Add a new tag
Caveats
  • Supply blocks, unpowered buildings, or Contaminate may cause inaccurate times.
  • Supply counts are checked every 10 seconds.